 Dungeon Crawl Stone Soup version 0.27-a0-1137-g3ef0f4ec91 (webtiles) character file.

Game seed: 11511422478248777085

202 Anon1729 the Sneak (level 5, 0/37 HPs)
             Began as an Octopode Delver on May 6, 2021.
             Succumbed to a scorpion's poison
             ... on level 5 of the Dungeon.
             The game lasted 00:01:26 (405 turns).

Anon1729 the Sneak (Octopode Delver)                 Turns: 405, Time: 00:01:26

Health: 0/37       AC:  1    Str: 13    XL:     5   Next: 80%
Magic:  5/5        EV: 14    Int: 12    God:
Gold:   0          SH:  0    Dex: 13    Spells: 4/4 levels left

rFire    . . .     SeeInvis .     - Unarmed
rCold    . . .     Faith    .   (no shield)
rNeg     . . .     Spirit   .   (helmet restricted)
rPois    .         Reflect  .   (no amulet)
rElec    .         Harm     .   (no ring)
rCorr    .         Rampage  .   (no ring)
Will     .....                  (no ring)
Stlth    +++++.....             (no ring)
HPRegen  0.12/turn              (no ring)
MPRegen  0.09/turn              (no ring)
                                (no ring)
                                (no ring)

@: mighty, lethally poisoned (0 -> -12)
A: almost no armour, amphibious, 8 rings, camouflage 1, gelatinous body 1,
(nimble swimmer 1), tentacles
a: no special abilities


You were on level 5 of the Dungeon.
You visited 1 branch of the dungeon, and saw 1 of its levels.

Inventory:

Wands
 e - a wand of digging (3)
Scrolls
 a - a scroll of fog
 b - a scroll of magic mapping
 c - a scroll of fear
Potions
 d - a potion of haste


   Skills:
 + Level 4.0 Fighting
 + Level 3.3 Dodging
 + Level 7.6 Stealth
 * Level 3.4 Unarmed Combat


You had 4 spell levels left.
You didn't know any spells.
Your spell library was empty.

Dungeon Overview and Level Annotations

Branches:
Dungeon (5/15)
 Temple: D:4-7

Altars:


Innate Abilities, Weirdness & Mutations

You cannot wear most types of armour.
You are amphibious.
You can wear up to eight rings at the same time.
Your skin changes colour to match your surroundings (Stealth+).
Your rubbery body absorbs attacks. (AC +1, EV +1)
((You are camouflaged near water. (Stealth+)))
You have tentacles for arms and can constrict up to eight enemies at once.


Message History

No target in view!
No target in view!
A bullfrog zombie comes into view.
The bullfrog zombie moves out of view.
Items here: ) [ ††.
A hound zombie comes into view.
There is a stone staircase leading up here.
A hound zombie is nearby!
A hound zombie is nearby!
A scorpion comes into view.
The helpless hound zombie fails to defend itself.
You bludgeon the hound zombie! You grab the hound zombie.
The hound zombie is moderately damaged.
You constrict the hound zombie. The hound zombie misses you.
You tentacle-slap the hound zombie.
The hound zombie is heavily damaged.
You constrict the hound zombie. The hound zombie bites you.
You tentacle-slap the hound zombie. You squeeze the hound zombie.
The hound zombie is almost destroyed.
You constrict the hound zombie.
You destroy the hound zombie!
You tentacle-slap the scorpion but do no damage.
Your grab misses the scorpion. The scorpion stings you!
You are poisoned.
The scorpion poisons you!
You barely miss the scorpion. Your grab misses the scorpion.
You feel sick. The scorpion stings you. The scorpion barely misses you.
You tentacle-slap the scorpion. Your grab misses the scorpion.
The scorpion is moderately wounded.
You feel sick. The scorpion stings you!
* * * LOW HITPOINT WARNING * * *
You are lethally poisoned!
The scorpion poisons you!
It was a potion of might.
You feel very mighty all of a sudden.
* * * LOW HITPOINT WARNING * * *
You feel very sick. The scorpion stings you.
* * * LOW HITPOINT WARNING * * *
You die...

##.....##
####.......####.#
#...)............
#.##.......####.#
#.#.............#
#)#..............
#.#...####.######
##<#.#.####.##
########@...........#
......s.....#.###...#####
###.......### #.#....†.
#.....<(...Z............
##..###..###.#####.#####
#.. #..# #... # #. #..#
...#. # . #..# ###. .# #
## ..# ## ## ##


You could see a scorpion.

Vanquished Creatures
  A necrophage (D:5)
  A scorpion (D:5)
  An iguana (D:5)
  2 hound zombies (D:5)
  An orc (D:5)
6 creatures vanquished.

Notes
Turn   | Place    | Note
-------+----------+-------------------------------------------
     0 | D:5      | Anon1729 the Octopode Delver began the quest for the Orb.
     0 | D:5      | Reached XP level 1. HP: 16/16 MP: 1/1
    51 | D:5      | Noticed a necrophage
    68 | D:5      | Killed a necrophage
    69 | D:5      | Reached skill level 7 in Stealth
    69 | D:5      | Reached XP level 2. HP: 20/21 MP: 2/2
    69 | D:5      | Reached XP level 3. HP: 25/26 MP: 3/3
    69 | D:5      | Reached XP level 4. HP: 30/32 MP: 4/4
   209 | D:5      | Noticed a scorpion
   218 | D:5      | Killed a scorpion
   219 | D:5      | Reached XP level 5. HP: 34/37 MP: 5/5
   405 | D:5      | Succumbed to a scorpion's poison

Illustrated notes

Levels and vault maps discovered:
D:5:      layout_loops_ring, trog_antimagical, nrook_pool_corridor

Skill      XL: |  1  2  3  4  5 |
---------------+----------------+-----
Stealth        | 7 |  7.6
Dodging        | 3 |  3.3
Unarmed Combat | 3 |  3.4
Fighting       | 4 |  4.0

Action                   |  1- 3 |  4- 6 || total
-------------------------+-------+-------++-------
Melee: Unarmed           |     7 |    21 ||    28
       Tentacles         |     2 |     5 ||     7
       Constrict         |     1 |     5 ||     6
       Punch             |       |     1 ||     1
  Use: Potion            |       |     1 ||     1
 Stab: Sleeping          |       |     3 ||     3
Armor: Skin              |       |     1 ||     1
Dodge: Dodged            |     2 |     6 ||     8

Table legend: (Time is in decaauts)
 A = Elapsed time spent in this place.
 B = Non-inter-level travel time spent in this place.
 C = Inter-level travel time spent in this place.
 D = Time resting spent in this place.
 E = Time spent auto-exploring this place.
 F = Levels seen in this place.
 G = Mean time per level.
                   A        B        C        D        E       F      G
               +--------+--------+--------+--------+--------+-----+--------+
         Total |    403 |    403 |      0 |     34 |    312 |   1 |  403.0 |
       Dungeon |    403 |    403 |      0 |     34 |    312 |   1 |  403.0 |
               +--------+--------+--------+--------+--------+-----+--------+

Top non-repeatable levels by time:
     D:5: 403 daAuts
